 Dungeon Crawl Stone Soup version 0.24-a0-458-gfcb5e6da0e (webtiles) character file.

Game seed: 8248164374599737299

1054 Krouwed the Grave Robber (level 8, -3/60 HPs)
             Began as a Demonspawn Necromancer on June 27, 2019.
             Slain by a mummy (13 damage)
             ... in an ossuary.
             The game lasted 00:19:54 (5403 turns).

Krouwed the Grave Robber (Demonspawn Necromancer)   Turns: 5403, Time: 00:19:55

Health: -3/60      AC: 10    Str: 13    XL:     8   Next: 5%
Magic:  15/15      EV: 11    Int: 16    God:
Gold:   240        SH:  0    Dex: 17    Spells: 7/16 levels left

rFire    . . .     SeeInvis .   a - +2 mace (drain)
rCold    . . .     Gourm    .   (no shield)
rNeg     . . .     Faith    .   r - +2 ring mail {rPois}
rPois    +         Spirit   .   (helmet restricted)
rElec    .         Reflect  .   (no cloak)
rCorr    .         Harm     .   i - +2 pair of gloves {Dex+3}
MR       .....                  (boots unavailable)
Stlth    +++.......             (no amulet)
HPRegen  0.20/turn              f - ring of stealth
MPRegen  0.14/turn              (no ring)

@: no status effects
A: antennae 1, talons 3, nightstalker 1, strong 1
a: no special abilities


You were in an ossuary.
You were not hungry.

You visited 1 branch of the dungeon, and saw 6 of its levels.
You also visited: Sewer and Ossuary.

You collected 240 gold pieces.

Inventory:

Hand Weapons
 a - a +2 mace of draining (weapon)
 b - a +3 hunting sling
 t - a +0 dagger
Missiles
 k - a javelin (quivered)
 n - 148 stones
 s - 2 poisoned darts
 u - 18 sling bullets
 v - 2 throwing nets
Armour
 i - a +2 pair of gloves of dexterity (worn)
 r - a +2 ring mail of poison resistance (worn)
Jewellery
 f - a ring of stealth (left hand)
Wands
 d - a wand of iceblast (26)
 x - a wand of random effects (9)
Scrolls
 h - 2 scrolls of teleportation
 j - 3 scrolls of identify
 l - a scroll of amnesia
 p - 2 scrolls of remove curse
Potions
 e - 4 potions of flight
 m - a potion of degeneration {unknown}
 o - a potion of brilliance
 q - a potion of lignification
 w - 2 potions of might
 z - a potion of cancellation {unknown}
Comestibles
 c - 11 rations
 g - 2 chunks of flesh


   Skills:
 + Level 3.9 Fighting
 + Level 3.4 Armour
 - Level 1.7 Dodging
 - Level 1.7 Stealth
 + Level 4.7 Spellcasting
 + Level 7.5 Necromancy


You had 7 spell levels left.
You knew the following spells:

 Your Spells              Type           Power        Failure   Level  Hunger
a - Pain                  Necr           ####         1%          1    None
b - Animate Skeleton      Necr           N/A          1%          1    None
c - Vampiric Draining     Necr           ####......   4%          3    ###....
d - Animate Dead          Necr           N/A          14%         4    ####...

Your spell library contained the following spells:

 Spells                   Type           Power        Failure   Level  Hunger
 Regeneration             Chrm/Necr      ###.......   21%         3    ###....
 Summon Small Mammal      Summ           #...         32%         1    None
 Call Imp                 Summ           #.......     43%         2    ##.....
 Call Canine Familiar     Summ           #.......     67%         3    ###....
 Summon Guardian Golem    Hex/Summ       #.......     67%         3    ###....
 Summon Ice Beast         Ice/Summ       #.......     97%         4    ####...
 Summon Lightning Spire   Summ/Air       #.......     97%         4    ####...


Dungeon Overview and Level Annotations

Branches:
Dungeon (6/15)
 Temple: D:4-7

Altars:
Ashenzari


Innate Abilities, Weirdness & Mutations

You have claws for feet.
You are slightly more attuned to the shadows.
You have a pair of small antennae on your head.
Your muscles are strong. (Str +2)


Message History

You destroy the mummy!
You feel a little less mighty now.
You are too injured to fight recklessly!
You are too injured to fight recklessly!
You are too injured to fight recklessly!
The mummy hits you!
* * * LOW HITPOINT WARNING * * *
You hit the mummy. You claw the mummy, but do no damage.
The mummy is moderately damaged.
The mummy hits you.
* * * LOW HITPOINT WARNING * * *
You hit the mummy. Your kick misses the mummy.
The mummy is moderately damaged.
The mummy barely misses you.
You barely miss the mummy.
The mummy is moderately damaged.
You hit the mummy. You claw the mummy.
The mummy is severely damaged.
The mummy hits you!
You die...

##############
.....M@......##
....####......##
.. ##..##......#
..##....##.....#
................#
...............##
.............##
##........##+#
##......##


You could see a mummy.

Vanquished Creatures
  Eustachio (D:4)
  An orc warrior (D:4)
  A phantom (D:4)
  A bullfrog zombie (D:6)
  An orc priest (D:6)
  4 orc wizards
  Terence (D:2)
  2 iguanas
  A merfolk siren (Sewer)
  A worker ant (D:4)
  A merfolk avatar (Sewer)
  7 mummies (Ossuary)
  6 gnolls
  A river rat (Sewer)
  11 adders
  An ooze (D:2)
  5 dart slugs
  5 leopard geckos
  14 orcs
  7 ball pythons
  5 giant cockroaches
  2 gnoll zombies (Ossuary)
  6 goblins
  5 hobgoblins
  7 jackals
  A quokka (D:4)
  3 bats
  8 frilled lizards
  2 hobgoblin zombies (Ossuary)
  10 kobolds
  2 kobold zombies (Ossuary)
  2 orc zombies (Ossuary)
  23 rats
148 creatures vanquished.

Vanquished Creatures (collateral kills)
  An adder (D:2)
  An ooze (D:2)
  A worm (D:2)
  3 giant cockroaches
  A ball python (D:3)
  A kobold (D:1)
  2 rats
10 creatures vanquished.

Grand Total: 158 creatures vanquished

Notes
Turn   | Place    | Note
-------+----------+-------------------------------------------
     0 | D:1      | Krouwed the Demonspawn Necromancer began the quest for the
                  | Orb.
     0 | D:1      | Reached XP level 1. HP: 13/13 MP: 3/3
    73 | D:1      | Learned a level 1 spell: Animate Skeleton
   644 | D:1      | Gained mutation: You have sharp toenails. [demonic
                  | ancestry]
   644 | D:1      | Reached XP level 2. HP: 17/19 MP: 5/5
  1146 | D:1      | Reached skill level 5 in Necromancy
  1389 | D:1      | Gained mutation: You are slightly more attuned to the
                  | shadows. [demonic ancestry]
  1389 | D:1      | Reached XP level 3. HP: 24/24 MP: 6/6
  1940 | D:2      | Noticed Terence
  1957 | D:2      | Killed Terence
  1957 | D:2      | Gained mutation: You have razor-sharp toenails. [demonic
                  | ancestry]
  1957 | D:2      | Reached XP level 4. HP: 12/30 MP: 0/8
  2243 | D:2      | Learned a level 3 spell: Vampiric Draining
  2248 | D:2      | Learned a level 4 spell: Animate Dead
  2278 | D:2      | Reached skill level 6 in Necromancy
  2390 | D:2      | Found a shattered altar of Ashenzari.
  2735 | D:3      | Found a glowing drain.
  2746 | Sewer    | Entered a sewer
  2802 | Sewer    | Gained mutation: You have claws for feet. [demonic
                  | ancestry]
  2802 | Sewer    | Reached XP level 5. HP: 30/36 MP: 9/9
  2944 | Sewer    | Reached skill level 1 in Fighting
  2944 | Sewer    | Reached skill level 1 in Armour
  3478 | D:3      | Reached XP level 6. HP: 43/43 MP: 11/11
  4615 | D:4      | Noticed an orc warrior
  4643 | D:4      | Noticed Eustachio
  4674 | D:5      | Entered Level 5 of the Dungeon
  4709 | D:4      | Killed Eustachio
  4709 | D:4      | Reached XP level 7. HP: 30/51 MP: 3/13
  4860 | D:4      | Gained mutation: Your muscles are strong. (Str +2) [potion
                  | of mutation]
  4860 | D:4      | Gained mutation: You have a pair of small antennae on your
                  | head. [potion of mutation]
  4863 | D:4      | Reached skill level 7 in Necromancy
  5146 | D:4      | You fall into a shaft and drop 2 floors!
  5295 | D:6      | Found a sand-covered staircase.
  5303 | Ossuary  | Entered an ossuary
  5349 | Ossuary  | Reached XP level 8. HP: 34/60 MP: 15/15
  5403 | Ossuary  | Slain by a mummy

Levels and vault maps discovered:
D:1:      evilmike_arrival_rings, layout_basic
D:2:      layout_basic, nicolae_ashenzari_panopticon, uniq_terence
D:3:      layout_loops_cross, portal_sewer_entry_a, grunt_ministairs_4,
          chequers_big_river
D:4:      layout_cave_pools, serial_column_ruins, column_ruins_grid_1,
          column_ruins_columns_water, column_ruins_grid_4,
          column_ruins_columns_water, column_ruins_columns_corner,
          column_ruins_grid_1, uniq_eustachio
D:5:      layout_rooms, grunt_qazlal_clouds,
          minmay_temple_entry_drinking_statues, first_ration, uniq_grinder,
          uniq_blork_the_orc
D:6:      layout_layer_cave, chequers_temple_overflow_minitemple,
          nicolae_ossuary_entry_monument
Ossuary:  ossuary_tomb_3

Skill      XL: |  1  2  3  4  5  6  7 |
---------------+----------------------+-----
Necromancy     | 5 6 7 |  7.5
Spellcasting   | 3 4 |  4.7
Fighting       | 1 2 3 |  3.9
Armour         | 1 2 3 |  3.4
Dodging        | |  1.7
Stealth        | |  1.7

Action                   |  1- 3 |  4- 6 |  7- 9 || total
-------------------------+-------+-------+-------++-------
Melee: Dagger            |    43 |   128 |       ||   171
       Kick              |     4 |    27 |    17 ||    48
       Mace              |       |     8 |    66 ||    74
 Fire: Hunting sling     |     7 |   128 |    56 ||   191
Throw: Javelin           |    18 |     8 |     2 ||    28
       Dart              |       |    10 |     1 ||    11
 Cast: Pain              |    33 |    20 |       ||    53
       Animate Skeleton  |     8 |     6 |       ||    14
       Vampiric Draining |       |    12 |     6 ||    18
       Animate Dead      |       |       |     1 ||     1
Evoke: Wand              |       |     1 |       ||     1
  Use: Scroll            |       |     5 |     5 ||    10
       Potion            |       |     4 |     2 ||     6
 Stab: Sleeping          |     3 |     2 |     1 ||     6
       Distracted        |       |       |     1 ||     1
  Eat: Chunk             |     4 |     9 |     4 ||    17
Armor: Robe              |    13 |       |       ||    13
       Ring mail         |       |   139 |    37 ||   176
Dodge: Dodged            |    37 |   165 |    52 ||   254

Table legend:
 A = Non-vault XP
 B = Vault XP
 C = Vault XP percentage of total XP
 D = Non-vault monster count
 E = Vault monster count
 F = Vault count percentage of total count
                 A         B        C        D         E       F
            +---------+---------+-------+---------+---------+-------
      Total |     949 |     558 |  37.0 |      99 |      59 |  37.3
            +---------+---------+-------+---------+---------+-------
        D:1 |      42 |       0 |   0.0 |      24 |       0 |   0.0
        D:2 |      81 |      36 |  30.8 |      22 |       1 |   4.3
        D:3 |     111 |      11 |   9.0 |      20 |       7 |  25.9
        D:4 |     506 |     197 |  28.0 |      22 |       1 |   4.3
        D:5 |      30 |       0 |   0.0 |       4 |       0 |   0.0
        D:6 |     179 |       0 |   0.0 |       7 |       0 |   0.0
      Sewer |       0 |     177 | 100.0 |       0 |      35 | 100.0
    Ossuary |       0 |     137 | 100.0 |       0 |      15 | 100.0
            +---------+---------+-------+---------+---------+-------
